Map: Dreamcatcher LE

Players

eonblu

  • Race: Zerg Zerg
  • Spawn Location: 11:00

InZaNe - Winner!

  • Race: Terran Terran
  • Spawn Location: 5:00

Event: WCS Valencia 2018

VOD

Have the link to the VOD?

Description

Time

  • Played on: July 12, 2018, 7:51 a.m.
  • Length: 10:19

All games in this series

Show
View Real Time Build Order
Export as new Build Order

eonblu Zerg 

Build Orders: Pool First 

Get SALT Encoding   

  12  0:00  Drone  
  13  0:12  Overlord  
  13  0:17  Drone  
  14  0:30  Drone x2  
  16  0:37  Drone  
  17  0:44  Spawning Pool  
  17  0:47  Drone  
  17  1:03  Extractor  
  16  1:09  Hatchery  
  15  1:12  Drone  
  15  1:16  Drone  
  17  1:20  Drone  
  18  1:28  Drone  
  19  1:33  Queen  
  21  1:41  Overlord  
  21  1:54  Zergling x2  
  22  2:00  Drone  
  23  2:04  Metabolic Boost  
  23  2:09  Queen  
  23  2:12  Drone  
  26  2:23  Drone x2  
  26  2:26  Extractor  
  26  2:39  Queen  
  26  2:40  Overlord  
  26  2:42  Drone x4  
  33  2:45  Drone  
  33  2:47  Drone  
  35  2:58  Extractor  
  35  3:04  Zergling x6  
  37  3:09  Overlord  
  37  3:16  Drone  
  37  3:19  Drone  
  40  3:28  Drone  
  40  3:29  Drone x3  
  44  3:41  Queen x2  
  44  3:42  Drone  
  44  3:43  Drone  
  50  3:49  Hatchery  
  50  3:54  Drone x2  
  51  4:00  Drone  
  51  4:02  Extractor  
  51  4:04  Extractor, Overlord x2, Roach Warren  
  48  4:12  Overlord x2  
  48  4:13  Drone x2  
  50  4:19  Zergling x2  
  51  4:26  Zergling x2  
  52  4:32  Zergling x2  
  52  4:39  Zergling x2  
  52  4:40  Zergling x2  
  52  4:41  Lair  
  52  4:45  Drone  
  55  4:50  Drone  
  55  4:53  Overlord  
  55  4:54  Drone x4  
  55  4:55  Drone  
  55  4:58  Evolution Chamber, Drone  
  55  4:59  Evolution Chamber  
  58  5:00  Drone  
  58  5:01  Drone  
  60  5:15  Spore Crawler  
  60  5:17  Spore Crawler  
  60  5:19  Spore Crawler  
  55  5:22  Roach x2  
  55  5:23  Roach x3  
  55  5:28  Zerg Missile Weapons Level 1, Zerg Ground Armor Level 1  
  61  5:37  Drone x2  
  62  5:46  Glial Reconstitution, Drone x3  
  63  5:57  Queen  
  63  6:02  Overseer  
  65  6:04  Drone  
  65  6:05  Drone x2  
  67  6:12  Hatchery  
  66  6:22  Drone x9  
  66  6:23  Drone x2  
  66  6:25  Drone  
  78  6:29  Drone  
  73  6:33  Drone x4  
  77  6:40  Overlord  
  77  6:41  Pneumatized Carapace  
  77  6:43  Drone x2  
  77  6:45  Extractor x2, Drone  
  78  6:56  Roach x5  
  78  7:00  Extractor  
  87  7:09  Drone x8  
  87  7:13  Roach x2  
  99  7:24  Zerg Ground Armor Level 2, Zerg Missile Weapons Level 2  
  97  7:32  Roach x7  
  111  7:39  Overlord x3  
  111  7:56  Overlord x2  
  111  8:02  Drone  
  111  8:03  Drone x2  
  111  8:04  Roach x7  
  128  8:10  Overlord x5  
  128  8:15  Infestation Pit  
  125  8:25  Roach x3  
  125  8:26  Roach x4  
  123  8:36  Roach  
  123  8:37  Roach x5  
  135  8:45  Roach x5  
  135  8:48  Ravager x3  
  144  8:49  Ravager  
  144  8:52  Roach  
  144  8:53  Roach x3  
  155  9:00  Roach x4  
  155  9:01  Roach  
  157  9:06  Roach x3  
  157  9:14  Zergling x8  
  157  9:15  Zergling x2  
  160  9:21  Roach  
  160  9:22  Roach x3  
  137  9:41  Roach x9  
  144  9:52  Ravager  
  145  9:53  Ravager x7  
  145  9:55  Zergling x2  
  145  9:56  Zergling x16  
Show
View Real Time Build Order
Export as new Build Order

InZaNe Terran - Winner!

Build Orders: Reaper Expand, Hellion Banshee, MMM Bio 

Get SALT Encoding   

  12  0:00  SCV  
  13  0:12  SCV  
  14  0:17  Supply Depot  
  14  0:25  SCV  
  15  0:38  SCV  
  15  0:41  Barracks  
  16  0:45  Refinery  
  16  0:50  SCV  
  17  1:02  SCV  
  18  1:15  SCV  
  19  1:28  Orbital Command  
  19  1:29  Reaper  
  20  1:41  Command Center  
  20  1:52  Supply Depot  
  20  1:56  SCV  
  21  2:01  Marine  
  22  2:09  Factory  
  22  2:10  SCV  
  23  2:18  Refinery  
  23  2:22  SCV  
  24  2:30  Engineering Bay  
  24  2:34  SCV  
  25  2:43  Barracks Reactor  
  25  2:46  SCV  
  26  2:56  Hellion  
  26  2:58  SCV, Orbital Command  
  29  3:03  Starport  
  29  3:10  SCV  
  30  3:22  SCV  
  30  3:24  Hellion x2  
  30  3:26  SCV  
  36  3:27  Barracks Tech Lab  
  35  3:34  SCV  
  35  3:38  SCV  
  37  3:43  Supply Depot  
  37  3:45  Supply Depot  
  37  3:46  SCV  
  37  3:47  Hellion x2  
  42  3:50  SCV  
  42  3:51  Supply Depot  
  42  3:53  Cloaking Field  
  43  3:57  Banshee  
  46  4:06  SCV x2  
  48  4:12  Hellion x2  
  48  4:14  Barracks Tech Lab  
  52  4:18  SCV x2  
  54  4:30  SCV, Command Center  
  55  4:32  SCV  
  55  4:35  Marine  
  55  4:37  Stimpack  
  57  4:40  Banshee  
  57  4:43  SCV  
  61  4:49  Supply Depot  
  61  4:55  Marine  
  61  4:56  Barracks  
  61  4:57  Barracks  
  61  4:59  Factory Reactor, SCV  
  62  5:01  SCV  
  63  5:11  Engineering Bay x2  
  63  5:12  SCV  
  63  5:13  Marine  
  66  5:14  SCV  
  66  5:24  SCV  
  66  5:26  SCV  
  68  5:31  Marine  
  67  5:35  Refinery  
  67  5:36  SCV, Refinery  
  67  5:38  SCV  
  69  5:43  Marine x2  
  69  5:44  Starport Reactor  
  69  5:48  SCV  
  69  5:49  Marine  
  73  5:53  Barracks x2  
  73  5:57  Terran Infantry Weapons Level 1  
  73  5:58  Terran Infantry Armor Level 1  
  73  6:01  Marine  
  73  6:02  Marine x2  
  73  6:03  Marine  
  77  6:08  Marine  
  77  6:10  SCV x2  
  80  6:14  Siege Tank  
  81  6:21  Marine x2  
  81  6:22  SCV x2  
  81  6:25  Marine x2  
  87  6:33  Marauder  
  87  6:34  SCV x2  
  87  6:37  Orbital Command  
  91  6:40  Combat Shields  
  91  6:46  SCV x2  
  91  6:47  Supply Depot  
  93  6:49  Supply Depot, Barracks Reactor x2  
  93  6:50  Marine x3  
  93  6:51  Marine  
  97  6:56  Siege Tank  
  97  6:58  SCV  
  101  7:02  Armory  
  101  7:06  Supply Depot, Marine  
  101  7:07  SCV x2  
  104  7:10  SCV  
  104  7:12  Marine x4  
  104  7:14  Medivac  
  111  7:19  SCV  
  112  7:24  Marine  
  112  7:25  Medivac  
  112  7:29  SCV x2  
  114  7:30  Marine x2  
  114  7:31  Supply Depot, SCV  
  114  7:32  Supply Depot  
  117  7:37  Siege Tank  
  117  7:41  SCV x2  
  117  7:42  Marine  
  117  7:43  Marine x6  
  125  7:49  SCV  
  120  7:52  Refinery x2  
  120  7:53  SCV  
  120  7:54  SCV  
  120  7:55  Factory  
  122  8:01  SCV  
  122  8:04  Marine  
  122  8:05  SCV, Marine x6  
  131  8:15  SCV  
  131  8:19  Marine x2  
  133  8:22  Marine x4  
  133  8:25  Supply Depot  
  133  8:27  Marine x2  
  135  8:31  Marine  
  135  8:32  Siege Tank  
  138  8:37  Marine, Marauder  
  138  8:38  Supply Depot x2  
  141  8:41  Medivac  
  141  8:43  Medivac  
  145  8:50  Marine x3  
  145  8:52  Factory Tech Lab  
  145  8:53  Marine x3  
  151  9:00  Marine x2  
  146  9:06  Siege Tank  
  146  9:08  Marine x3  
  152  9:10  Marine  
  152  9:11  Medivac  
  152  9:13  Medivac  
  152  9:14  Siege Tank  
  158  9:19  Marine x4  
  158  9:24  Command Center  
  160  9:33  Marine  
  160  9:36  Marine  
  160  9:37  Marine x6, Marauder  
  136  9:45  Siege Tank  
  136  9:47  Medivac  
  136  9:48  Medivac  
  136  9:51  Marine  
  147  9:54  Marine x2  
  147  9:58  Marine  
Tags
 
Add a new tag
Caveats
  • Supply blocks, unpowered buildings, or Contaminate may cause inaccurate times.
  • Supply counts are checked every 10 seconds.